 Dungeon Crawl Stone Soup version 0.30-a0-634-g8abc85282e (webtiles) character file.

Game seed: 12293635040513625632

67 garrulousMonolith the Slasher (level 4, -10/34 (38) HPs)
             Began as a Gnoll Reaver on Jan 15, 2023.
             Mangled by Crazy Yiuf
             ... wielding a +2 quarterstaff of chaos
              (12 damage)
             ... on level 2 of the Dungeon.
             The game lasted 00:02:50 (1596 turns).

garrulousMonolith the Slasher (Gnoll Reaver)        Turns: 1596, Time: 00:02:50

HP:   -10/34 (38)   AC:  3    Str: 11    XL:     4   Next: 18%
MP:   5/11          EV: 12    Int: 15    God:
Gold: 98            SH:  0    Dex: 10    Spells: 8/13 levels left

rFire   + . .      SeeInvis .    k - +0 dagger
rCold   + . .      Faith    .    (no shield)
rNeg    + . .      Spirit   .    b - +0 leather armour
rPois   +          Reflect  .    (no helmet)
rElec   +          Harm     .    (no cloak)
rCorr   +          Rampage  .    (no gloves)
Will    .....                    (no boots)
Stlth   +                        (no amulet)
HPRegen 0.25/turn                i - ring of positive energy
MPRegen 0.12/turn                (no ring)

@: lethally poisoned (-10 -> -15), resistant, very slightly contaminated,
heavily drained
A: fangs 1, strong nose, distributed training
a: no special abilities


You were on level 2 of the Dungeon.
You visited 1 branch of the dungeon, and saw 2 of its levels.

You collected 98 gold pieces.

Inventory:

Hand Weapons
 a - a +0 falchion
 k - a +0 dagger (weapon)
 q - a +0 morningstar
Missiles
 d - 10 javelins (quivered)
 e - 38 stones
 g - 4 silver javelins
 l - 5 boomerangs of dispersal
 m - 5 datura-tipped darts
 r - 7 poisoned darts
Armour
 b - a +0 leather armour (worn)
Jewellery
 i - a ring of positive energy (left hand)
Scrolls
 f - 4 scrolls of identify {unknown}
 n - a scroll of summoning {unknown}
 o - 2 scrolls of fear {unknown}
Potions
 c - 3 potions of heal wounds {unknown}
 h - a potion of flight {unknown}
 j - a potion of might {unknown}
 p - a potion of ambrosia {unknown}


   Skills:
 + Level 4.6 Fighting
 + Level 1.1 Short Blades
 + Level 6.6 Long Blades
 + Level 1.1 Axes
 + Level 1.1 Maces & Flails
 + Level 1.1 Polearms
 + Level 1.1 Staves
 + Level 1.1 Ranged Weapons
 + Level 1.1 Throwing
 + Level 1.1 Armour
 + Level 4.6 Dodging
 + Level 1.1 Stealth
 + Level 1.1 Shields
 + Level 1.1 Unarmed Combat
 + Level 5.0 Spellcasting
 + Level 5.4 Conjurations
 + Level 0.8 Hexes
 + Level 0.8 Summonings
 + Level 0.8 Necromancy
 + Level 0.8 Translocations
 + Level 0.8 Transmutations
 + Level 0.8 Fire Magic
 + Level 0.8 Ice Magic
 + Level 0.8 Air Magic
 + Level 0.8 Earth Magic
 + Level 0.8 Poison Magic
 + Level 1.2 Invocations
 + Level 1.1 Evocations


You had 8 spell levels left.
You knew the following spells:

 Your Spells              Type           Power      Damage    Failure   Level
a - Kiss of Death         Conj/Necr      52%        2d9       6%          1
b - Momentum Strike       Conj/Tloc      26%        3d8       9%          2
c - Ensorcelled Hibernat  Hex/Ice        12%        N/A       22%         2

Your spell library contained the following spells:

 Spells                   Type           Power      Damage    Failure   Level
 Hailstorm                Conj/Ice       13%        3d5       17%         3
 Spider Form              Tmut/Pois      6%         N/A       41%         3
 Anguish                  Hex/Necr       3%         N/A       83%         4


Dungeon Overview and Level Annotations

Branches:
Dungeon (2/15)

Altars:

Shops:
D:2 :

Annotations:
D:2 Crazy Yiuf


Innate Abilities, Weirdness & Mutations

You have very sharp teeth.
Your uncanny sense of smell can sniff out nearby items.
Your experience applies equally to all skills.


Message History

Casting: Ensorcelled Hibernation (safe; 22% risk of failure)
Confirm with . or Enter, or press ? or * to list all spells.
Aiming: Ensorcelled Hibernation (safe; 22% risk of failure)
Press: ? - help, Shift-Dir - straight line, f - Crazy Yiuf
Aim: Crazy Yiuf, wielding a +2 quarterstaff of chaos and wearing a +1 cloak of poison resistance (chance to affect: 49%) Crazy Yiuf resists with some effort.
Crazy Yiuf cries, "You leg down broken song, no?"
Casting: Ensorcelled Hibernation (safe; 22% risk of failure)
Confirm with . or Enter, or press ? or * to list all spells.
Aiming: Ensorcelled Hibernation (safe; 22% risk of failure)
Press: ? - help, Shift-Dir - straight line, f/p - Crazy Yiuf
Aim: Crazy Yiuf, wielding a +2 quarterstaff of chaos and wearing a +1 cloak of poison resistance (chance to affect: 49%)
You miscast Ensorcelled Hibernation.
You are very lightly contaminated with residual magic.
Nothing appears to happen.
Crazy Yiuf hits you with a +2 quarterstaff of chaos!
You are poisoned.
You are now empty-handed.
You feel sick.
Casting: Ensorcelled Hibernation (safe; 22% risk of failure)
Confirm with . or Enter, or press ? or * to list all spells.
Aiming: Ensorcelled Hibernation (safe; 22% risk of failure)
Press: ? - help, Shift-Dir - straight line, f/p - Crazy Yiuf
Aim: Crazy Yiuf, wielding a +2 quarterstaff of chaos and wearing a +1 cloak of poison resistance (chance to affect: 49%) Crazy Yiuf looks drowsy...
You feel very sick.
k - a +0 dagger (weapon)
You feel sick.
The helpless Crazy Yiuf fails to defend himself.
You hit Crazy Yiuf.
Crazy Yiuf is moderately wounded.
You feel sick.
Crazy Yiuf hits you with a +2 quarterstaff of chaos!
* * * LOW HITPOINT WARNING * * *
You feel protected.
You hit Crazy Yiuf but do no damage.
Crazy Yiuf is moderately wounded.
* * * LOW HITPOINT WARNING * * *
You feel sick.
Crazy Yiuf hits you with a +2 quarterstaff of chaos!
You die...

#......'........#.........#....##
#.######....#..##.........#......
#.......#....#..#.........###....
#######.################..# #....
.##.....# #..# #....
.##.###.##♣♣♣♣♣ #.####....
............♣.♣♣♣ ### #....'....
..#.#.....P..♣..♣#...# #...##...[
..+.#.....PP♣♣♣♣@g...# #...##...#
..###......♣♣ ♣♣#..)# #...##...#
..###'#.##♣♣ ### #...##...+
...#....# #...##...# ...#....#
#...##...#
........################...##...#
......................#....##.###
......).#.##..........#....##.#
........#.##..........#....#..#


You could see Crazy Yiuf.

Vanquished Creatures
  An adder (D:2)
  A worm (D:2)
  3 dart slugs (D:1)
  3 ball pythons
  4 endoplasms
  2 giant cockroaches (D:1)
  3 goblins
  7 hobgoblins
  A jackal (D:1)
  4 kobolds
  4 quokkas
  4 bats
  7 frilled lizards
  3 rats (D:1)
47 creatures vanquished.

Vanquished Creatures (others)
  A fungus (D:2)
1 creature vanquished.

Grand Total: 48 creatures vanquished

Notes
Turn   | Place    | Note
-------+----------+-------------------------------------------
     0 | D:1      | garrulousMonolith the Gnoll Reaver began the quest for the
                  | Orb.
     0 | D:1      | Reached XP level 1. HP: 20/20 MP: 6/6
   127 | D:1      | Reached XP level 2. HP: 22/26 MP: 7/7
   334 | D:1      | Learned a level 2 spell: Momentum Strike
   577 | D:1      | Reached skill level 5 in Spellcasting
   577 | D:1      | Reached XP level 3. HP: 31/31 MP: 7/9
   656 | D:1      | Reached skill level 1 in Invocations
   993 | D:2      | Reached skill level 1 in Short Blades
   993 | D:2      | Reached skill level 1 in Axes
   993 | D:2      | Reached skill level 1 in Maces & Flails
   993 | D:2      | Reached skill level 1 in Polearms
   993 | D:2      | Reached skill level 1 in Staves
   993 | D:2      | Reached skill level 1 in Ranged Weapons
   993 | D:2      | Reached skill level 1 in Throwing
   993 | D:2      | Reached skill level 1 in Armour
   993 | D:2      | Reached skill level 1 in Stealth
   993 | D:2      | Reached skill level 1 in Shields
   993 | D:2      | Reached skill level 1 in Unarmed Combat
   993 | D:2      | Reached skill level 1 in Evocations
  1061 | D:2      | Found Lielit's Book Boutique.
  1158 | D:2      | Reached XP level 4. HP: 33/33 MP: 11/11
  1452 | D:2      | Learned a level 2 spell: Ensorcelled Hibernation
  1585 | D:2      | Found a runed translucent door.
  1586 | D:2      | Noticed Crazy Yiuf
  1596 | D:2      | Mangled by Crazy Yiuf

Illustrated notes

Levels and vault maps discovered:
D:1:      dpeg_arrival_refuge, layout_basic, minmay_hexomino_c4
D:2:      minmay_general_purpose_star, layout_basic, serial_shops, shop_statue,
          minmay_misc_feat_ornament, uniq_crazy_yiuf_cottage

Skill      XL: |  1  2  3 |
---------------+----------+-----
Spellcasting   | 5 |  5.0
Invocations    | 1 |  1.2
Short Blades   | 1 |  1.1
Axes           | 1 |  1.1
Maces & Flails | 1 |  1.1
Polearms       | 1 |  1.1
Staves         | 1 |  1.1
Ranged Weapons | 1 |  1.1
Throwing       | 1 |  1.1
Armour         | 1 |  1.1
Stealth        | 1 |  1.1
Shields        | 1 |  1.1
Unarmed Combat | 1 |  1.1
Evocations     | 1 |  1.1
Fighting       | |  4.6
Long Blades    | |  6.6
Dodging        | |  4.6
Conjurations   | |  5.4
Hexes          | |  0.8
Summonings     | |  0.8
Necromancy     | |  0.8
Translocations | |  0.8
Transmutations | |  0.8
Fire Magic     | |  0.8
Ice Magic      | |  0.8
Air Magic      | |  0.8
Earth Magic    | |  0.8
Poison Magic   | |  0.8

Action                   |  1- 3 |  4- 6 || total
-------------------------+-------+-------++-------
Melee: Falchion          |   132 |    24 ||   156
       Bite              |    11 |     2 ||    13
       Punch             |     4 |       ||     4
       Dagger            |       |     2 ||     2
 Cast: Kiss of Death     |     1 |       ||     1
       Momentum Strike   |     1 |       ||     1
       Ensorcelled Hiber |       |     2 ||     2
 Stab: Sleeping          |       |     1 ||     1
Armor: Leather armour    |    23 |     3 ||    26
Dodge: Dodged            |    76 |    18 ||    94

Table legend: (Time is in decaauts)
 A = Elapsed time spent in this place.
 B = Non-inter-level travel time spent in this place.
 C = Inter-level travel time spent in this place.
 D = Time resting spent in this place.
 E = Time spent auto-exploring this place.
 F = Levels seen in this place.
 G = Mean time per level.
                   A        B        C        D        E       F      G
               +--------+--------+--------+--------+--------+-----+--------+
         Total |   1590 |   1567 |     23 |    146 |   1039 |   2 |  795.0 |
       Dungeon |   1590 |   1567 |     23 |    146 |   1039 |   2 |  795.0 |
               +--------+--------+--------+--------+--------+-----+--------+

Top non-repeatable levels by time:
     D:1: 883 daAuts
     D:2: 707 daAuts
